 Dungeon Crawl Stone Soup version 0.30-a0-556-g0a0f5a245f (webtiles) character file.

Game seed: 5713206091128280649

121 Bnni the Vexing (level 5, -4/34 (38) HPs)
             Began as a Formicid Hexslinger on Dec 27, 2022.
             Killed by divine providence
             ... invoked by an orc priest
              (10 damage)
             ... on level 3 of the Dungeon.
             The game lasted 00:05:32 (2131 turns).

Bnni the Vexing (Formicid Hexslinger)               Turns: 2131, Time: 00:05:33

HP:   -4/34 (38)    AC:  3    Str: 15    XL:     5   Next: 26%
MP:   1/7           EV: 12    Int: 14    God:
Gold: 130           SH:  0    Dex: 14    Spells: 3/7 levels left

rFire   . . .      SeeInvis +    a - +1 sling
rCold   . . .      Faith    .    (no shield)
rNeg    . . .      Spirit   .    c - +0 robe
rPois   .          Reflect  .    (helmet unavailable)
rElec   .          Harm     .    l - +0 cloak
rCorr   .          Rampage  .    (no gloves)
Will    .....                    (no boots)
Stlth   +                        (no amulet)
HPRegen 0.25/turn                (no ring)
MPRegen 0.10/turn                (no ring)

@: heavily drained
A: permanent stasis, dig shafts and tunnels, antennae 3, four strong arms
a: Dig, Shaft Self


You were on level 3 of the Dungeon.
You visited 1 branch of the dungeon, and saw 3 of its levels.

You collected 130 gold pieces.

Inventory:

Hand Weapons
 a - a +1 sling (weapon)
Missiles
 e - 3 boomerangs of dispersal
Armour
 c - a +0 robe (worn)
 l - a +0 cloak (worn)
Wands
 m - a wand of digging (5)
Scrolls
 b - a scroll of poison
 g - a scroll of blinking {unknown}
Potions
 d - a potion of invisibility {unknown}
 f - a potion of haste {unknown}
 i - 3 potions of flight
 j - 2 potions of degeneration {unknown}
 k - a potion of curing
 n - a potion of ambrosia {unknown}


   Skills:
 + Level 2.1 Fighting
 * Level 3.2 Ranged Weapons
 - Level 1.7 Dodging
 + Level 1.7 Spellcasting
 * Level 4.7 Hexes
 + Level 1.3 Fire Magic


You had 3 spell levels left.
You knew the following spells:

 Your Spells              Type           Power      Damage    Failure   Level
a - Slow                  Hex            56%        N/A       3%          1
b - Inner Flame           Hex/Fire       9%         N/A       22%         3

Your spell library contained the following spells:

 Spells                   Type           Power      Damage    Failure   Level
 Magic Dart               Conj           4%         1d3       24%         1
 Portal Projectile        Hex/Tloc       14%        N/A       28%         3
 Call Imp                 Summ           1%         N/A       36%         2
 Mephitic Cloud           Conj/Pois/Air  1%         N/A       58%         3
 Cause Fear               Hex            7%         N/A       34%         4


Dungeon Overview and Level Annotations

Branches:
Dungeon (3/15)

Altars:

Shops:
D:1 ([?(*

Annotations:
D:3 2 transporters, Zero's ghost, amateur DECj


Innate Abilities, Weirdness & Mutations

You cannot be hasted, slowed, berserked, paralysed or teleported.
You can dig through walls and to a lower floor.
You have a pair of large antennae on your head. (SInv)
Your four strong arms can wield two-handed weapons with a shield.


Message History

The orc priest resists with significant effort.
The orc priest mumbles some strange prayers to Beogh against you.
Pain shoots through your body!
You see here a hound corpse.
The orc priest mumbles some strange prayers to Beogh against you.
Beogh smites you!
You feel better.
Casting: Inner Flame (quite dangerous; 22% risk of failure)
Confirm with . or Enter, or press ? or * to list all spells.
Aiming: Slow (safe; 3% risk of failure)
Press: ? - help, Shift-Dir - straight line, f/p - orc priest
Aim: an orc priest, wielding a +0 club (chance to affect: 48%)
The orc priest resists with some effort.
The orc priest looks braver for a moment.
Casting: Slow (safe; 3% risk of failure)
Confirm with . or Enter, or press ? or * to list all spells.
Aiming: Slow (safe; 3% risk of failure)
Press: ? - help, Shift-Dir - straight line, f/p - orc priest
Aim: an orc priest, wielding a +0 club (chance to affect: 48%)
The orc priest resists with some effort.
Casting: Slow (safe; 3% risk of failure)
Confirm with . or Enter, or press ? or * to list all spells.
Aiming: Slow (safe; 3% risk of failure)
Press: ? - help, Shift-Dir - straight line, f/p - orc priest
Aim: an orc priest, wielding a +0 club (chance to affect: 48%)
The orc priest resists with some effort.
You are too injured to fight recklessly!
You shoot a sling bullet.
The sling bullet closely misses the orc priest.
The orc priest hits you with a +0 club. The orc hits you with a +0 war axe!
* * * LOW HITPOINT WARNING * * *
You extend your mandibles.
You dig through the rock wall.
You feel drained.
The orc priest attacks as you move away!
The orc priest hits you with a +0 club.
* * * LOW HITPOINT WARNING * * *
You dig through the rock wall.
You feel drained.
The orc priest invokes the aid of Beogh against you.
Beogh smites you!
You die...

#.# #.# ###### #.#
#..... #.############
#.###.
########.#...o.o†...#
#.# #.
...........########.#
#>###. ####.##...##
###o# #..... ##
#.#.....#
##.#o##########.## >#
#.##...##
#@.o......#....... .#
#.###.##
##...###..#.###.## .#
#.# #.# #...# #..#.#
#.# .###o# #.#
#...###..#.###.#
.{...# #+#
#....##..#.##..#
{#####
#..#.##..#.##.## {#
#..#.##..#.##.###
.{..#
#........#.##.##.
.##.....
####........#.......


You could see an orc priest and an orc.

Vanquished Creatures
  A hound (D:3)
  Crazy Yiuf (D:2)
  An adder (D:3)
  A worm (D:2)
  2 dart slugs
  2 ball pythons (D:1)
  3 endoplasms
  4 giant cockroaches
  A goblin (D:1)
  6 hobgoblins
  4 jackals (D:3)
  2 kobolds (D:1)
  2 quokkas
  8 bats
  A frilled lizard (D:1)
  5 rats
44 creatures vanquished.

Notes
Turn   | Place    | Note
-------+----------+-------------------------------------------
     0 | D:1      | Bnni the Formicid Hexslinger began the quest for the Orb.
     0 | D:1      | Reached XP level 1. HP: 15/15 MP: 2/2
    90 | D:1      | Reached XP level 2. HP: 21/21 MP: 3/3
   151 | D:1      | Found Esmueleq's Weapon Emporium.
   217 | D:1      | Found Tucatu Zepri's Armour Boutique.
   281 | D:1      | Found Jumarhis's Magic Scroll Shop.
   316 | D:1      | Found Aceor's Weapon Boutique.
   343 | D:1      | Found Teorphef's Assorted Antiques.
   355 | D:1      | Reached skill level 4 in Hexes
   459 | D:1      | Reached XP level 3. HP: 26/26 MP: 4/4
   463 | D:1      | Learned a level 3 spell: Inner Flame
  1395 | D:2      | Found a runed translucent door.
  1396 | D:2      | Noticed Crazy Yiuf
  1478 | D:2      | Killed Crazy Yiuf
  1479 | D:2      | Reached skill level 1 in Fire Magic
  1479 | D:2      | Reached XP level 4. HP: 24/33 MP: 2/6
  1750 | D:3      | Found a transporter.
  1803 | D:3      | Noticed Zero's ghost (amateur DECj)
  1804 | D:3      | Found a transporter.
  1804 | D:3      | Identified the +7 great mace of the Sky {freeze, rPois
                  | Int+2 Dex+3}
  1804 | D:3      | Noticed an ogre
  1948 | D:3      | Reached XP level 5. HP: 16/38 MP: 4/7
  2131 | D:3      | Killed from afar by an orc priest

Illustrated notes

Levels and vault maps discovered:
D:1:      dpeg_arrival_orchard, layout_loops_corners, serial_shops, shop,
          nicolae_shop_crystal, shop, shop, nicolae_shop_hallway_stairs
D:2:      layout_basic, uniq_crazy_yiuf_cottage
D:3:      layout_loops_corners, cheibrodos_worm_habitat,
          chequers_ecumenical_altar_island, gammafunk_ghost_smash

Skill      XL: |  1  2  3  4 |
---------------+-------------+-----
Hexes          | 4 |  4.7
Fire Magic     | 1 |  1.3
Ranged Weapons | 3 |  3.2
Fighting       | 2 |  2.1
Dodging        | |  1.7
Spellcasting   | |  1.7

Action                   |  1- 3 |  4- 6 || total
-------------------------+-------+-------++-------
Melee: Unarmed           |       |     3 ||     3
 Fire: Sling             |   114 |    62 ||   176
 Cast: Slow              |     9 |    11 ||    20
       Inner Flame       |       |     1 ||     1
 Abil: Dig               |       |     1 ||     1
  Use: Scroll            |       |     3 ||     3
       Potion            |       |     2 ||     2
Armor: Robe              |    11 |    16 ||    27
       Skin              |       |     8 ||     8
Dodge: Dodged            |    23 |    51 ||    74

Table legend: (Time is in decaauts)
 A = Elapsed time spent in this place.
 B = Non-inter-level travel time spent in this place.
 C = Inter-level travel time spent in this place.
 D = Time resting spent in this place.
 E = Time spent auto-exploring this place.
 F = Levels seen in this place.
 G = Mean time per level.
                   A        B        C        D        E       F      G
               +--------+--------+--------+--------+--------+-----+--------+
         Total |   2177 |   2094 |     83 |    178 |   1439 |   3 |  725.7 |
       Dungeon |   2177 |   2094 |     83 |    178 |   1439 |   3 |  725.7 |
               +--------+--------+--------+--------+--------+-----+--------+

Top non-repeatable levels by time:
     D:1: 923 daAuts
     D:2: 737 daAuts
     D:3: 516 daAuts
